 Dungeon Crawl Stone Soup version 0.30-a0-585-g93115170b9 (webtiles) character file.

Game seed: 14460392984262021630

831 wormed the Covert (level 8, 0/49 HPs)
             Began as a Kobold Delver on Jan 1, 2023.
             Slain by a gnoll
             ... wielding a +1 spear of freezing
             ... led by a gnoll sergeant
              (6 damage)
             ... on level 6 of the Dungeon.
             The game lasted 00:04:37 (4522 turns).

wormed the Covert (Kobold Delver)                   Turns: 4522, Time: 00:04:37

Health: 0/49       AC:  3    Str: 10    XL:     8   Next: 18%
Magic:  8/8        EV: 16    Int: 11    God:
Gold:   338        SH:  0    Dex: 18    Spells: 7/7 levels left

rFire   . . .      SeeInvis .    j - +1 dagger (vamp)
rCold   . . .      Faith    .    (no shield)
rNeg    . . .      Spirit   .    b - +0 leather armour
rPois   .          Reflect  .    (no helmet)
rElec   .          Harm     .    (no cloak)
rCorr   .          Rampage  .    (no gloves)
Will    .....                    (no boots)
Stlth   +++                      (no amulet)
HPRegen 0.28/turn                (no ring)
MPRegen 0.11/turn                (no ring)

@: confused, lethally poisoned (0 -> -3), ambrosia-drunk, hasted, very quick
A: small, no large weapons, nightstalker 3
a: no special abilities


You were on level 6 of the Dungeon.
You visited 1 branch of the dungeon, and saw 6 of its levels.

You collected 338 gold pieces.

Inventory:

Hand Weapons
 a - a +0 short sword
 d - a +2 falchion of freezing
 j - a +1 vampiric dagger (weapon)
Armour
 b - a +0 leather armour (worn)
Jewellery
 q - a +6 ring of dexterity
 u - a ring of protection from fire
 x - a ring of positive energy
Wands
 g - a wand of digging (3)
 k - a wand of flame (30)
Scrolls
 c - 3 scrolls of fog
 e - a scroll of fear
 i - 3 scrolls of amnesia {unknown}
 n - 2 scrolls of magic mapping
 o - 2 scrolls of identify {unknown}
 r - a scroll of enchant armour {unknown}
 s - 3 scrolls of teleportation {unknown}
 w - a scroll of summoning {unknown}
 y - a scroll of immolation {unknown}
 B - 2 scrolls of vulnerability {unknown}
 C - 2 scrolls of poison {unknown}
Potions
 h - a potion of lignification {unknown}
 l - a potion of brilliance {unknown}
 m - a potion of berserk rage {unknown}
 p - a potion of might {unknown}
 t - a potion of cancellation {unknown}
 v - a potion of mutation {unknown}
 z - 2 potions of ambrosia
 A - a potion of curing {unknown}
 D - 2 potions of heal wounds {unknown}


   Skills:
 + Level 5.3 Fighting
 * Level 7.6 Short Blades
 + Level 5.1 Dodging
 + Level 8.7 Stealth


You had 7 spell levels left.
You didn't know any spells.
Your spell library contained the following spells:

 Spells                   Type           Power      Damage    Failure   Level
 Apportation              Tloc           0%         N/A       43%         1
 Necrotise                Necr           0%         1d4       43%         1
 Summon Small Mammal      Summ           0%         N/A       43%         1
 Call Canine Familiar     Summ           0%         N/A       82%         3
 Hailstorm                Conj/Ice       0%         3d3       82%         3
 Summon Guardian Golem    Hex/Summ       0%         N/A       82%         3
 Ice Form                 Ice/Tmut       0%         N/A       99%         4
 Conjure Ball Lightning   Conj/Air       0%         3x3d6     100%        6
 Simulacrum               Ice/Necr       0%         N/A       100%        6
 Discord                  Hex            0%         N/A       100%        8
 Disjunction              Tloc           0%         N/A       100%        8


Dungeon Overview and Level Annotations

Branches:
Dungeon (6/15)
 Temple: D:4-7

Altars:
Fedhas

Shops:
D:5 :


Innate Abilities, Weirdness & Mutations

You are small and have problems with some larger weapons.
You are completely attuned to the shadows.


Message History

A gnoll sergeant and 2 gnolls come into view.
The gnoll sergeant is wielding a +1 trident of venom.
A gnoll is wielding a +1 spear of freezing.
The helpless gnoll fails to defend itself.
You stick the gnoll like a pincushion!!!
You kill the gnoll!
The gnoll shouts! x2; The gnoll sergeant shouts!
The gnoll closely misses you. The gnoll barely misses you.
The gnoll closely misses you. The gnoll sergeant closely misses you.
You see here a +0 halberd.
You hit the gnoll but do no damage. The gnoll attacks as you move away!
The gnoll hits you with a +0 spear. The gnoll barely misses you.
The gnoll throws a throwing net.
The throwing net closely misses you.
You see here a throwing net.
The gnoll hits you from afar with a +0 spear.
The gnoll closely misses you. The gnoll hits you with a +0 whip.
The gnoll sergeant hits you from afar with a +1 trident of venom!
You are poisoned.
The gnoll attacks as you move away! The gnoll hits you but does no damage.
You feel very sick. The gnoll sergeant misses you.
The gnoll attacks as you move away! The gnoll hits you with a +0 whip.
You feel very sick. The gnoll closely misses you.
You feel very sick.
You feel sick.
You feel sick.
You feel sick.
You feel yourself speed up.
You feel sick.
The gnoll hits you from afar with a +1 spear of freezing.
* * * LOW HITPOINT WARNING * * *
The gnoll freezes you.
* * * LOW HITPOINT WARNING * * *
The gnoll barely misses you.
It was a potion of ambrosia.
You are confused.
You feel invigorated.
The gnoll hits you from afar with a +1 spear of freezing.
You die...

......########
.....g(.gg...#
......######.#
####### ####.###..
#..........
###.......#...
##.g...........
#.ggg..........
###@##.g.........
#....#...........
##....#...........
###.....#######.....
#......## #.....
#.#.#### #.....
#...# #..##
......#..#


You could see a gnoll sergeant and 3 gnolls.

Vanquished Creatures
  Sigmund (D:2)
  A wyvern (D:4)
  A centaur (D:5)
  A necrophage (D:3)
  A jelly (D:6)
  An orc priest (D:5)
  A hound (D:5)
  2 iguanas
  2 orc wizards (D:5)
  A gnoll (D:6)
  7 adders
  3 worms
  A dart slug (D:1)
  15 orcs
  7 ball pythons
  8 bats
  8 endoplasms
  2 giant cockroaches
  6 hobgoblins
  4 jackals (D:5)
  7 quokkas
  4 frilled lizards
  6 goblins
  3 kobolds
  10 rats
103 creatures vanquished.

Notes
Turn   | Place    | Note
-------+----------+-------------------------------------------
     0 | D:5      | wormed the Kobold Delver began the quest for the Orb.
     0 | D:5      | Reached XP level 1. HP: 14/14 MP: 1/1
    10 | D:5      | Found Sauro's Book Shoppe.
   122 | D:2      | Reached XP level 2. HP: 19/19 MP: 2/2
   277 | D:2      | Noticed Sigmund
   281 | D:2      | Killed Sigmund
   282 | D:2      | Reached skill level 5 in Short Blades
   282 | D:2      | Reached skill level 7 in Stealth
   282 | D:2      | Reached XP level 3. HP: 24/24 MP: 3/3
   282 | D:2      | Reached XP level 4. HP: 29/29 MP: 4/4
   282 | D:2      | Reached XP level 5. HP: 33/33 MP: 5/5
   473 | D:2      | Reached XP level 6. HP: 38/38 MP: 6/6
  2780 | D:4      | Reached XP level 7. HP: 44/44 MP: 7/7
  3032 | D:4      | Reached skill level 8 in Stealth
  3056 | D:4      | Noticed a wyvern
  3060 | D:4      | Killed a wyvern
  3125 | D:4      | Found a blossoming altar of Fedhas.
  3420 | D:5      | Reached skill level 5 in Fighting
  3778 | D:5      | Reached XP level 8. HP: 49/49 MP: 8/8
  4213 | D:5      | Reached skill level 5 in Dodging
  4522 | D:6      | Slain by a gnoll

Illustrated notes

Levels and vault maps discovered:
D:1:      lemuel_arrival_hallway, layout_rooms, hangedman_decor_push,
          minivault_19
D:2:      layout_loops_corners, uniq_sigmund
D:3:      layout_loops_corners
D:4:      layout_basic, general_overflow_altar
D:5:      layout_loops_ring, minmay_shop_grid_forest, minivault_26
D:6:      layout_basic, minmay_stone_trees_small, nicolae_figureground_sparkle,
          uniq_blork_the_orc

Skill      XL: |  1  2  3  4  5  6  7  8 |
---------------+-------------------------+-----
Short Blades   | 3 5 6 7 |  7.6
Fighting       | 4 5 |  5.3
Dodging        | 3 4 5 |  5.1
Stealth        | 7 8 |  8.7

Action                   |  1- 3 |  4- 6 |  7- 9 || total
-------------------------+-------+-------+-------++-------
Melee: Short sword       |     5 |       |       ||     5
       Dagger            |     2 |   168 |   168 ||   338
       Punch             |       |     4 |     3 ||     7
  Use: Scroll            |     1 |       |       ||     1
       Potion            |       |       |     2 ||     2
 Stab: Sleeping          |     6 |    38 |    18 ||    62
       Distracted        |       |     1 |       ||     1
Armor: Leather armour    |       |     7 |     7 ||    14
Dodge: Dodged            |       |    65 |    84 ||   149

Table legend: (Time is in decaauts)
 A = Elapsed time spent in this place.
 B = Non-inter-level travel time spent in this place.
 C = Inter-level travel time spent in this place.
 D = Time resting spent in this place.
 E = Time spent auto-exploring this place.
 F = Levels seen in this place.
 G = Mean time per level.
                   A        B        C        D        E       F      G
               +--------+--------+--------+--------+--------+-----+--------+
         Total |   4413 |   4212 |    201 |      0 |   3485 |   6 |  735.5 |
       Dungeon |   4413 |   4212 |    201 |      0 |   3485 |   6 |  735.5 |
               +--------+--------+--------+--------+--------+-----+--------+

Top non-repeatable levels by time:
     D:5: 1058 daAuts
     D:3: 1023 daAuts
     D:2: 959 daAuts
     D:4: 624 daAuts
     D:1: 604 daAuts
     D:6: 142 daAuts
